 Seeded DCSS version 0.31-a0-1549-g5ff9445e89 (webtiles) character file.

Game seed: 18266249142797792839 (custom seed)

28 innerfire43 the Caller (level 2, 0/21 HPs)
             Began as a Demonspawn Wanderer on Jan 2, 2024.
             Succumbed to an adder's poison
             ... on level 2 of the Dungeon.
             The game lasted 00:02:17 (1035 turns).

innerfire43 the Caller (Demonspawn Wanderer)        Turns: 1035, Time: 00:02:17

Health: 0/21       AC:  2    Str: 11    XL:     2   Next: 96%
Magic:  4/4        EV: 11    Int: 15    God:
Gold:   27         SH:  0    Dex: 10    Spells: 3/4 levels left

rFire   . . .        a - +0 club
rCold   . . .        (no shield)
rNeg    . . .        c - +0 robe
rPois   .            (no helmet)
rElec   .            (no cloak)
rCorr   .            (no gloves)
SInv    .            (no boots)
Will    +....        (no amulet)
Stlth   +            (no ring)
HPRegen 0.23/turn    (no ring)
MPRegen 0.09/turn

%: no passive effects
@: lethally poisoned (0 -> -2), attractive, enlightened, flying
A: weakness stinger 1
a: no special abilities


You were on level 2 of the Dungeon.
You visited 1 branch of the dungeon, and saw 2 of its levels.

You collected 27 gold pieces.

Inventory:

Hand Weapons
 a - a +0 club (weapon)
Armour
 c - a +0 robe (worn)
Jewellery
 i - a +5 ring of evasion
Scrolls
 b - 2 scrolls of fear
 d - 2 scrolls of vulnerability
 f - a scroll of identify {unknown}
 g - a scroll of enchant weapon {unknown}
 l - a scroll of brand weapon {unknown}
 n - a scroll of amnesia {unknown}
Potions
 e - a potion of brilliance {unknown}
 m - a potion of heal wounds {unknown}


   Skills:
 + Level 1.3 Fighting
 + Level 1.3 Dodging
 - Level 1.0 Stealth
 * Level 1.7 Spellcasting
 * Level 4.3 Summonings
 - Level 1.7 Translocations


You had 3 spell levels left.
You knew the following spells:

 Your Spells              Type           Power      Damage    Failure   Level
a - Summon Small Mammal   Summ           56%        N/A       3%          1

Your spell library contained the following spells:

 Spells                   Type           Power      Damage    Failure   Level
 Apportation              Tloc           12%        N/A       11%         1
 Gell's Gravitas          Tloc           6%         N/A       32%         3
 Martyr's Knell           Necr/Summ      7%         N/A       67%         4
 Summon Blazeheart Golem  Fire/Summ      7%         N/A       67%         4
 Summon Lightning Spire   Summ/Air       7%         N/A       67%         4
 Orb of Destruction       Conj           0%         9d5       100%        7
 Spellforged Servitor     Conj/Summ      3%         N/A       100%        7


Dungeon Overview and Level Annotations

Branches:
Dungeon (2/15)

Altars:


Innate Abilities, Weirdness & Mutations

You have a small tail.


Message History

You are poisoned.
The adder poisons you!
You barely miss the adder.
Your tail-slap misses the adder.
The adder is moderately wounded.
You feel sick. The adder closely misses you. The adder bites you.
You hit the adder.
The adder is heavily wounded.
You feel sick. The adder bites you.
You are more poisoned.
The adder poisons you! The adder bites you.
You are lethally poisoned!
The adder poisons you!
It was a potion of attraction.
You feel attractive to monsters.
You feel very sick. The adder bites you.
It was a potion of curing.
You feel better. The adder bites you.
You are poisoned.
The adder poisons you!
Unknown command.
Unknown command.
You hit the adder.
The adder is severely wounded.
You feel very sick. The adder misses you. The adder bites you.
* * * LOW HITPOINT WARNING * * *
You barely miss the adder.
The adder is severely wounded.
* * * LOW HITPOINT WARNING * * *
You feel sick. The adder closely misses you. The adder bites you.
* * * LOW HITPOINT WARNING * * *
You hit the adder but do no damage.
The adder is severely wounded.
* * * LOW HITPOINT WARNING * * *
You feel sick. The adder barely misses you.
The adder bites you but does no damage.
It was a potion of enlightenment.
You feel very buoyant.
You fly up into the air.
You die...

..# ..$.
#.###.##...#
#.....#...##
#<......#
#.#......
#.......#
#.##...##
#.# .... #@#
### #S# #.#
#.# ..# ###


You could see an adder.

Vanquished Creatures
  A dart slug (D:1)
  3 ball pythons (D:1)
  An endoplasm (D:1)
  A giant cockroach (D:1)
  2 goblins (D:1)
  7 jackals (D:1)
  A kobold (D:1)
  2 bats (D:1)
  A frilled lizard (D:1)
  A rat (D:1)
20 creatures vanquished.

Vanquished Creatures (collateral kills)
  A dart slug (D:1)
1 creature vanquished.

Grand Total: 21 creatures vanquished

Notes
Turn   | Place    | Note
-------+----------+-------------------------------------------
     0 | D:1      | innerfire43 the Demonspawn Wanderer began the quest for the
                  | Orb.
     0 | D:1      | innerfire43 set off with the following items: a +0 club, a
                  | scroll of fear, a +0 robe, a scroll of vulnerability; and
                  | the following spells available to memorise: Summon Small
                  | Mammal, Apportation, Gell's Gravitas, Martyr's Knell,
                  | Summon Lightning Spire.
     0 | D:1      | Reached XP level 1. HP: 15/15 MP: 2/2
     3 | D:1      | Learned a level 1 spell: Summon Small Mammal
    79 | D:1      | Found a faded altar of an unknown god.
   193 | D:1      | Gained mutation: You have a small tail. [demonic ancestry]
   193 | D:1      | Reached XP level 2. HP: 8/21 MP: 4/4
  1034 | D:2      | HP: 1/21 [poisoned by an adder]
  1035 | D:2      | Succumbed to an adder's poison

Illustrated notes

Levels and vault maps discovered:
D:1:      ncdulo_lavacross, layout_loops_ring,
          hellmonk_ecumenical_altar_arch_garden
D:2:      minmay_diamond_boxcup, layout_loops_ring, uniq_crazy_yiuf_cottage

Action                     || total
---------------------------++-------
  Melee: Club              ||    90
         Punch             ||     3
         Tailslap          ||     4
   Cast: Summon Small Mamm ||     3
    Use: Potion            ||     3
   Stab: Sleeping          ||     3
 Armour: Robe              ||    90
  Dodge: Dodged            ||    84

Table legend: (Time is in decaauts)
 A = Elapsed time spent in this place.
 B = Non-inter-level travel time spent in this place.
 C = Inter-level travel time spent in this place.
 D = Time resting spent in this place.
 E = Time spent auto-exploring this place.
 F = Levels seen in this place.
 G = Mean time per level.
                   A        B        C        D        E       F      G
               +--------+--------+--------+--------+--------+-----+--------+
         Total |   1061 |   1061 |      0 |      0 |    741 |   2 |  530.5 |
       Dungeon |   1061 |   1061 |      0 |      0 |    741 |   2 |  530.5 |
               +--------+--------+--------+--------+--------+-----+--------+

Top non-repeatable levels by time:
     D:1: 1044 daAuts
     D:2: 16 daAuts
